 Dungeon Crawl Stone Soup version 0.19.0-16-g73b5abf (webtiles) character file.

441 Millan the Chopper (level 6, 0/79 HPs)
             Began as a Minotaur Fighter on Nov 10, 2016.
             Was an Initiate of Ashenzari.
             Slain by a hound (1 damage)
             ... on level 5 of the Dungeon.
             The game lasted 00:05:10 (3017 turns).

Millan the Chopper (Minotaur Fighter)               Turns: 3017, Time: 00:05:11

Health: 0/79       AC: 23    Str: 28    XL:     6   Next: 70%
Magic:  5/5        EV:  2    Int:  5    God:    Ashenzari [......]
Gold:   154        SH: 10    Dex:  9    Spells: 0 memorised, 5 levels left

rFire  . . .     SeeInvis .     a - +0 war axe
rCold  . . .     Gourm    .     (armour currently unavailable)
rNeg   + + +     Faith    .     c - +0 shield
rPois  +         Spirit   .     (helmet currently unavailable)
rElec  .         Reflect  .     (cloak currently unavailable)
rCorr  .         Harm     .     (gloves currently unavailable)
MR     +....     NoTele   +     (boots currently unavailable)
Stlth  +.........               h - amulet of magic regeneration
                                (no ring)
                                e - ring of protection from magic

@: mighty, lethally poisoned (0 -> -1), tree-form, very slightly contaminated,
hasted, very quick
A: (retaliatory headbutt), (horns 0)
a: Curse Item, Renounce Religion


You were on level 5 of the Dungeon.
You worshipped Ashenzari.
Ashenzari was noncommittal.
You were near starving.
You were a tree.
You visited 1 branch of the dungeon, and saw 5 of its levels.

You collected 154 gold pieces.

Inventory:

Hand Weapons
 a - a +0 war axe (weapon)
Armour
 b - a +0 scale mail (melded)
 c - a +0 shield (worn)
Jewellery
 e - a ring of protection from magic (left branch)
 h - an amulet of magic regeneration (around neck)
 l - an uncursed ring of protection from fire
Scrolls
 g - a scroll of random uselessness {unknown}
 i - 2 scrolls of remove curse
 j - 3 scrolls of immolation {unknown}
 m - 3 scrolls of fear {unknown}
 n - a scroll of blinking {unknown}
 p - 3 scrolls of magic mapping {unknown}
 q - 2 scrolls of enchant armour {unknown}
 r - a scroll of fog {unknown}
 s - a scroll of identify {unknown}
Potions
 d - a potion of might
 o - a potion of haste
Books
 t - a book of Geomancy

   Spells                             Type                      Level
   a - Sandblast                      Earth                        1
   b - Passwall                       Transmutation/Earth          2
   c - Stone Arrow                    Conjuration/Earth            3
   d - Petrify                        Transmutation/Earth          4
   e - Lee's Rapid Deconstruction     Earth                        5
Comestibles
 f - 6 bread rations


   Skills:
 + Level 4.7 Fighting
 + Level 5.8 Axes
 + Level 5.5 Armour
 + Level 5.3 Shields


You had 5 spell levels left.
You didn't know any spells.

Dungeon Overview and Level Annotations

Branches:
Dungeon (5/15)
 Temple: D:4-7

Altars:
Ashenzari
Elyvilon
Xom


Innate Abilities, Weirdness & Mutations

((You reflexively headbutt those who attack you in melee.))
((You have a pair of horns on your head.))


Message History

You feel sick.
A hound comes into view.
The hound barks!
* * * LOW HITPOINT WARNING * * *
You feel sick.
You slash the hound!
The hound is heavily wounded.
* * * LOW HITPOINT WARNING * * *
You feel sick. You block the hound's attack.
Unknown command.
You barely miss the hound.
The hound is heavily wounded.
The hound bites you but does no damage. x2
Unknown command.
Your shield prevents you from hitting the hound.
The hound is heavily wounded.
You are near starving!
* * * LOW HITPOINT WARNING * * *
You feel sick. The hound bites you.
You die...

...... ##
...... .#
......####.###
..>..........#
#...........#
.#...........#
......)......#
#....h♣.....#
.....).......#
###......†%..#
########..<#
#...# #####


You could see a hound.

Vanquished Creatures
  Edmund (D:5)
  A scorpion (D:5)
  A bullfrog skeleton (D:5)
  A worker ant (D:5)
  6 gnolls (D:2)
  7 adders
  A shadow imp (D:5)
  3 oozes
  3 worms
  2 dart slugs (D:2)
  3 leopard geckos
  2 orcs
  3 ball pythons
  5 giant cockroaches
  5 goblins
  5 hobgoblins
  6 jackals
  4 kobolds
  A quokka (D:2)
  7 bats
  4 frilled lizards
  A quokka zombie (D:5)
  5 rats
77 creatures vanquished.

Notes
Turn   | Place    | Note
-------+----------+-------------------------------------------
     0 | D:1      | Millan the Minotaur Fighter began the quest for the Orb.
     0 | D:1      | Reached XP level 1. HP: 19/19 MP: 0/0
   300 | D:1      | Reached XP level 2. HP: 27/27 MP: 1/1
   766 | D:2      | Reached XP level 3. HP: 33/33 MP: 2/2
  1054 | D:2      | Found a shimmering altar of Xom.
  1068 | D:2      | Reached XP level 4. HP: 40/40 MP: 3/3
  1172 | D:2      | Found a white marble altar of Elyvilon.
  1229 | D:2      | Reached XP level 5. HP: 18/46 MP: 4/4
  1556 | D:2      | Found a shattered altar of Ashenzari.
  1663 | D:2      | Became a worshipper of Ashenzari the Shackled
  1913 | D:3      | Reached skill level 5 in Armour
  2864 | D:5      | Entered Level 5 of the Dungeon
  2873 | D:5      | Reached skill level 5 in Shields
  2883 | D:5      | Reached skill level 5 in Axes
  2883 | D:5      | Reached XP level 6. HP: 25/53 MP: 5/5
  2990 | D:5      | Noticed Edmund
  3004 | D:5      | Killed Edmund
  3007 | D:5      | HP: 2/53 [poisoned by Edmund]
  3012 | D:5      | HP: 2/79 [poisoned by Edmund]
  3017 | D:5      | HP: 1/79 [poisoned by Edmund]
  3017 | D:5      | Slain by a hound

Skill      XL: |  1  2  3  4  5 |
---------------+----------------+-----
Armour         | 4 5 |  5.5
Shields        | 4 5 |  5.3
Fighting       | 4 |  4.7
Axes           | 3 5 |  5.8

Action                   |  1- 3 |  4- 6 || total
-------------------------+-------+-------++-------
Melee: War axe           |    80 |   128 ||   208
       Headbutt          |     8 |    22 ||    30
  Use: Potion            |       |     3 ||     3
  Eat: Chunk             |     1 |     3 ||     4
       Pizza             |       |     1 ||     1
Armor: Scale mail        |    41 |    43 ||    84
       Skin              |       |     2 ||     2
Dodge: Dodged            |    22 |    43 ||    65
Block: Shield            |    51 |    81 ||   132
